 Dungeon Crawl Stone Soup version 0.29.1 (webtiles) character file.

Game seed: 480677548382824058

57 greasedhog the Shield-Bearer (level 4, 0/34 HPs)
             Began as a Gnoll Wanderer on Sept 14, 2022.
             Slain by an adder (4 damage)
             ... on level 3 of the Dungeon.
             The game lasted 00:03:03 (2739 turns).

greasedhog the Shield-Bearer (Gnoll Wanderer)       Turns: 2739, Time: 00:03:04

Health: 0/34       AC:  2    Str: 11    XL:     4   Next: 0%
Magic:  17/17      EV: 11    Int: 13    God:
Gold:   81         SH:  5    Dex: 12    Spells: 4/8 levels left

rFire   . . .      SeeInvis .   o - +0 short sword
rCold   . . .      Faith    .   d - +0 buckler
rNeg    . . .      Spirit   .   f - +0 robe
rPois   .          Reflect  .   (no helmet)
rElec   .          Harm     .   (no cloak)
rCorr   .          Rampage  .   (no gloves)
Will    .....                   (no boots)
Stlth   ++........              (no amulet)
HPRegen 0.11/turn               j - ring of magical power
MPRegen 0.15/turn               (no ring)

@: no status effects
A: fangs 1, strong nose, distributed training
a: no special abilities


You were on level 3 of the Dungeon.
You visited 1 branch of the dungeon, and saw 3 of its levels.

You collected 81 gold pieces.

Inventory:

Hand Weapons
 a - a +0 dagger
 o - a +0 short sword (weapon)
Missiles
 c - an atropa-tipped dart
 p - 7 poisoned darts
Armour
 d - a +0 buckler (worn)
 f - a +0 robe (worn)
Jewellery
 j - a ring of magical power (left hand)
Scrolls
 b - a scroll of teleportation
 g - a scroll of immolation
 i - a scroll of fog {unknown}
 m - a scroll of poison {unknown}
 r - a scroll of enchant weapon {unknown}
 s - a scroll of enchant armour {unknown}
Potions
 e - a potion of heal wounds
 h - a potion of haste {unknown}
 k - 4 potions of curing {unknown}
 l - a potion of might {unknown}
 n - a potion of attraction {unknown}
 q - a potion of degeneration {unknown}


   Skills:
 + Level 2.7 Fighting
 + Level 1.0 Short Blades
 + Level 1.0 Long Blades
 + Level 1.0 Axes
 + Level 1.0 Maces & Flails
 + Level 1.0 Polearms
 + Level 1.0 Staves
 + Level 1.0 Ranged Weapons
 + Level 2.7 Throwing
 + Level 1.0 Armour
 + Level 1.0 Dodging
 + Level 4.2 Stealth
 + Level 6.6 Shields
 + Level 1.0 Unarmed Combat
 + Level 2.9 Spellcasting
 + Level 0.8 Conjurations
 + Level 0.8 Hexes
 + Level 3.8 Summonings
 + Level 0.8 Necromancy
 + Level 0.8 Translocations
 + Level 0.8 Transmutations
 + Level 0.8 Fire Magic
 + Level 0.8 Ice Magic
 + Level 0.8 Air Magic
 + Level 0.8 Earth Magic
 + Level 0.8 Poison Magic
 + Level 1.1 Invocations
 + Level 1.0 Evocations


You had 4 spell levels left.
You knew the following spells:

 Your Spells              Type           Power      Damage    Failure   Level
a - Summon Small Mammal   Summ           44%        N/A       6%          1
b - Call Canine Familiar  Summ           11%        N/A       19%         3

Your spell library contained the following spells:

 Spells                   Type           Power      Damage    Failure   Level
 Sublimation of Blood     Necr           4%         N/A       32%         2
 Wereblood                Tmut           4%         N/A       32%         2
 Summon Hydra             Summ           5%         N/A       100%        7


Dungeon Overview and Level Annotations

Branches:
Dungeon (3/15)

Altars:


Innate Abilities, Weirdness & Mutations

You have very sharp teeth.
Your uncanny sense of smell can sniff out nearby items.
Your experience applies equally to all skills.


Message History

You block the adder's attack. The adder bites you.
You are too injured to fight recklessly!
You are too injured to fight recklessly!
You are too injured to fight recklessly!
You are too injured to fight recklessly!
You are too injured to fight recklessly!
You are too injured to fight recklessly!
You are too injured to fight recklessly!
You are too injured to fight recklessly!
You are too injured to fight recklessly!
You are too injured to fight recklessly!
You are too injured to fight recklessly!
You are too injured to fight recklessly!
You are too injured to fight recklessly!
You are too injured to fight recklessly!
You are too injured to fight recklessly!
You are too injured to fight recklessly!
You are too injured to fight recklessly!
You hit the adder but do no damage.
You feel sick. The adder barely misses you.
You miss the adder.
You feel sick.
You are no longer poisoned.
The adder bites you.
You are poisoned.
The adder poisons you!
You barely miss the adder.
You feel sick. You block the adder's attack. The adder completely misses you.
The adder attacks as you move away! The adder bites you.
* * * LOW HITPOINT WARNING * * *
You feel sick. The adder attacks as you move away!
The adder bites you but does no damage.
You feel sick.
You feel sick. You block the adder's attack.
You feel sick.
A kobold comes into view. It is wielding a +0 whip.
You feel sick.
You see here 7 gold pieces.
You feel sick.
You are no longer poisoned.
The adder bites you.
You die...

#.# #.# #.#
#.#
#.#######.#
###.........#
.....########
###.## #####
###.# #...
....#
#####.######
.†..#
#...S@.....#
###.#
#.###.####.#
#.# #.# #.#
#.# #.# ..K
#.# #.# ###.
#.# #.# ..
###.# #.# ##
....# #.#
##..## #.#


You could see an adder and a kobold (asleep).

Vanquished Creatures
  An adder (D:3)
  8 bats
  3 endoplasms
  A giant cockroach (D:1)
  A goblin (D:1)
  A hobgoblin (D:3)
  2 jackals (D:2)
  3 kobolds
  2 quokkas
  5 ball pythons
  4 frilled lizards
  3 rats
34 creatures vanquished.

Vanquished Creatures (collateral kills)
  An adder (D:2)
  2 jackals (D:2)
3 creatures vanquished.

Grand Total: 37 creatures vanquished

Notes
Turn   | Place    | Note
-------+----------+-------------------------------------------
     0 | D:1      | greasedhog the Gnoll Wanderer began the quest for the Orb.
     0 | D:1      | greasedhog set off with the following items: a +0 dagger,
                  | an atropa-tipped dart, a datura-tipped dart, a +0 buckler,
                  | a potion of heal wounds, a +0 robe; and the following spell
                  | memorised: Summon Small Mammal; and the following spells
                  | available to memorise: Call Canine Familiar.
     0 | D:1      | Reached XP level 1. HP: 17/17 MP: 4/4
   240 | D:1      | Reached XP level 2. HP: 23/23 MP: 5/5
   764 | D:2      | Reached XP level 3. HP: 8/28 MP: 7/7
  1037 | D:2      | Learned a level 3 spell: Call Canine Familiar
  1492 | D:2      | Reached skill level 1 in Invocations
  2042 | D:2      | Found a faded altar of an unknown god.
  2240 | D:3      | Reached skill level 1 in Short Blades
  2240 | D:3      | Reached skill level 1 in Long Blades
  2240 | D:3      | Reached skill level 1 in Axes
  2240 | D:3      | Reached skill level 1 in Maces & Flails
  2240 | D:3      | Reached skill level 1 in Polearms
  2240 | D:3      | Reached skill level 1 in Staves
  2240 | D:3      | Reached skill level 1 in Ranged Weapons
  2240 | D:3      | Reached skill level 1 in Armour
  2240 | D:3      | Reached skill level 1 in Dodging
  2240 | D:3      | Reached skill level 1 in Unarmed Combat
  2240 | D:3      | Reached skill level 1 in Evocations
  2711 | D:3      | Reached XP level 4. HP: 28/34 MP: 8/8
  2739 | D:3      | Slain by an adder

Illustrated notes

Levels and vault maps discovered:
D:1:      onia_arrival_mini_spirals, layout_rooms
D:2:      layout_loops_ring, ebering_ecumenical_altar_hall
D:3:      layout_loops_ring

Skill      XL: |  1  2  3 |
---------------+----------+-----
Invocations    | 1 |  1.1
Short Blades   | 1 |  1.0
Long Blades    | 1 |  1.0
Axes           | 1 |  1.0
Maces & Flails | 1 |  1.0
Polearms       | 1 |  1.0
Staves         | 1 |  1.0
Ranged Weapons | 1 |  1.0
Armour         | 1 |  1.0
Dodging        | 1 |  1.0
Unarmed Combat | 1 |  1.0
Evocations     | 1 |  1.0
Fighting       | |  2.7
Throwing       | |  2.7
Stealth        | |  4.2
Shields        | |  6.6
Spellcasting   | |  2.9
Conjurations   | |  0.8
Hexes          | |  0.8
Summonings     | |  3.8
Necromancy     | |  0.8
Translocations | |  0.8
Transmutations | |  0.8
Fire Magic     | |  0.8
Ice Magic      | |  0.8
Air Magic      | |  0.8
Earth Magic    | |  0.8
Poison Magic   | |  0.8

Action                   |  1- 3 |  4- 6 || total
-------------------------+-------+-------++-------
Melee: Dagger            |    99 |       ||    99
       Bite              |    11 |     1 ||    12
       Short sword       |    48 |     8 ||    56
Throw: Dart              |     1 |       ||     1
 Cast: Summon Small Mamm |    11 |       ||    11
  Use: Potion            |     1 |       ||     1
       Scroll            |     2 |       ||     2
 Stab: Sleeping          |    11 |       ||    11
Armor: Robe              |    32 |     2 ||    34
Dodge: Dodged            |    97 |     5 ||   102
Block: Buckler           |    58 |     3 ||    61
